 Dungeon Crawl Stone Soup version 0.28-a0-1518-gbe868bca14 (webtiles) character file.

Game seed: 13090178592628156449

2 hashsling the Ducker (level 1, 13/13 HPs)
             Began as a Human Wanderer on Jan 16, 2022.
             Quit the game on level 1 of the Dungeon.
             The game lasted 00:00:28 (221 turns).

hashsling the Ducker (Human Wanderer)                Turns: 221, Time: 00:00:29

Health: 13/13      AC:  3    Str:  9    XL:     1   Next: 33%
Magic:  2/2        EV: 13    Int: 14    God:
Gold:   6          SH:  0    Dex: 13    Spells: 1/2 levels left

rFire   . . .      SeeInvis .   a - +0 dagger
rCold   . . .      Faith    .   (no shield)
rNeg    . . .      Spirit   .   b - +0 robe
rPois   .          Reflect  .   (no helmet)
rElec   .          Harm     .   (no cloak)
rCorr   .          Rampage  .   (no gloves)
Will    .....                   c - +0 pair of boots
Stlth   +.........              (no amulet)
HPRegen 0.04/turn               (no ring)
MPRegen 0.08/turn               (no ring)

@: no status effects
A: no striking features
a: no special abilities


You were on level 1 of the Dungeon.
You visited 1 branch of the dungeon, and saw 1 of its levels.

You collected 6 gold pieces.

Inventory:

Hand Weapons
 a - a +0 dagger (weapon)
Armour
 b - a +0 robe (worn)
 c - a +0 pair of boots (worn)
Potions
 d - a potion of brilliance {unknown}


   Skills:
 + Level 4.0 Dodging
 + Level 1.0 Spellcasting
 + Level 2.0 Necromancy
 + Level 3.0 Transmutations


You had one spell level left.
You knew the following spells:

 Your Spells              Type           Power      Damage    Failure   Level
a - Beastly Appendage     Tmut           18%        N/A       8%          1

Your spell library contained the following spells:

 Spells                   Type           Power      Damage    Failure   Level
 Wereblood                Tmut           9%         N/A       12%         2
 Sublimation of Blood     Necr           6%         N/A       17%         2
 Corpse Rot               Necr/Air       6%         N/A       26%         2
 Ignite Poison            Fire/Tmut/Pois 3%         N/A       45%         3


Dungeon Overview and Level Annotations

Branches:
Dungeon (1/15)

Altars:


Message History

The kobold completely misses you.
You hit the kobold but do no damage.
The kobold is severely wounded.
The kobold closely misses you.
You barely miss the kobold.
The kobold is severely wounded.
The kobold misses you.
You hit the kobold but do no damage.
The kobold is severely wounded.
The kobold misses you.
You hit the kobold.
You kill the kobold!
No target in view!
HP restored.
Things that are here:
a +0 dagger; 4 stones
Found a spear.
A quokka comes into view.
The quokka misses you.
You hit the quokka but do no damage. The quokka barely misses you.
You barely miss the quokka. The quokka barely misses you.
You miss the quokka. The quokka completely misses you.
The quokka closely misses you.
You hit the quokka.
The quokka is heavily wounded.
The quokka bites you.
You hit the quokka.
The quokka is almost dead.
The quokka closely misses you.
You hit the quokka but do no damage.
The quokka is almost dead.
The quokka misses you.
You hit the quokka.
You kill the quokka!
No target in view!
Found an escape hatch in the floor.
You now have 6 gold pieces.
A hobgoblin comes into view.
A hobgoblin is nearby!
Are you sure you want to abandon this character and quit the game? (Confirm with "yes".)

#. #.# ..### ##...
..... #..# .g#######
#..#### ........##
.#.....# #........#
.##.##.# #@.#
.##.##.#########..#.#
.##.##..............#
.##.#############..##
.##.### ### ##+##
......# #.. #...#
..#.#.###.# #...#
.......##.# ###...###
#.#.#..##.# #.......#


You could see a hobgoblin (asleep).

Vanquished Creatures
  A quokka (D:1)
  A kobold (D:1)
2 creatures vanquished.

Notes
Turn   | Place    | Note
-------+----------+-------------------------------------------
     0 | D:1      | hashsling the Human Wanderer began the quest for the Orb.
     0 | D:1      | hashsling set off with the following items: a +0 dagger, a
                  | +0 robe, a +0 pair of boots; and the following spell
                  | memorised: Beastly Appendage; and the following spells
                  | available to memorise: Wereblood, Sublimation of Blood,
                  | Corpse Rot, Ignite Poison
     0 | D:1      | Reached XP level 1. HP: 13/13 MP: 2/2
   221 | D:1      | Quit the game

Illustrated notes

Levels and vault maps discovered:
D:1:      minmay_arrival_cross, layout_loops_ring,
          dreamdust_ecumenical_altar_hidden_monk_grotto, chequers_arboretum,
          minmay_misc_feat_pillars, hangedman_glass_teeth

Action                   || total
-------------------------++-------
Melee: Dagger            ||    18
Armor: Robe              ||     2
Dodge: Dodged            ||    14

Table legend: (Time is in decaauts)
 A = Elapsed time spent in this place.
 B = Non-inter-level travel time spent in this place.
 C = Inter-level travel time spent in this place.
 D = Time resting spent in this place.
 E = Time spent auto-exploring this place.
 F = Levels seen in this place.
 G = Mean time per level.
                   A        B        C        D        E       F      G
               +--------+--------+--------+--------+--------+-----+--------+
         Total |    221 |    221 |      0 |      0 |    193 |   1 |  221.0 |
       Dungeon |    221 |    221 |      0 |      0 |    193 |   1 |  221.0 |
               +--------+--------+--------+--------+--------+-----+--------+

Top non-repeatable levels by time:
     D:1: 221 daAuts
